Map: Ley Lines

Players

KimChiLoVer - Winner!

  • Race: Terran Terran
  • Spawn Location: 1:00

VOD

Have the link to the VOD?

Description

Time

  • Played on: Aug. 16, 2025, 11:14 a.m.
  • Length: 10:05
Show
View Real Time Build Order
Export as new Build Order

KimChiLoVer Terran - Winner!

Build Orders: Reaper Expand 

Get SALT Encoding   

  12  0:02  SCV  
  12  0:14  SCV  
  12  0:18  Supply Depot  
  12  0:26  SCV  
  12  0:39  SCV  
  12  0:41  Barracks  
  12  0:45  Refinery  
  12  0:51  SCV  
  12  1:04  SCV  
  12  1:16  SCV  
  12  1:28  Orbital Command  
  12  1:29  Reaper  
  12  1:39  Command Center  
  12  1:49  Supply Depot  
  12  1:54  SCV  
  12  2:01  Marine  
  12  2:06  Factory  
  12  2:08  Refinery  
  12  2:10  SCV  
  12  2:22  SCV, Barracks Reactor  
  12  2:34  SCV  
  12  2:39  Barracks  
  12  2:41  Barracks  
  12  2:47  SCV  
  12  2:51  Orbital Command  
  12  2:54  Factory Tech Lab  
  12  2:59  SCV  
  12  3:02  Marine x2  
  12  3:11  SCV  
  12  3:30  Command Center  
  12  3:31  Marine  
  12  3:32  SCV  
  12  3:33  SCV  
  12  3:35  Stimpack  
  12  3:37  Marine  
  12  3:44  Starport  
  12  3:46  Factory Reactor  
  12  3:49  Marine x2  
  12  3:53  SCV  
  12  3:55  SCV  
  12  3:57  Marine  
  12  4:03  Supply Depot  
  12  4:05  SCV  
  12  4:09  Engineering Bay  
  12  4:12  Engineering Bay  
  12  4:17  SCV  
  12  4:18  SCV  
  12  4:19  Marine  
  12  4:27  Barracks  
  12  4:29  SCV  
  12  4:30  SCV  
  12  4:32  Medivac  
  12  4:37  Medivac  
  12  4:42  Barracks  
  12  4:47  Terran Infantry Weapons Level 1  
  12  4:49  Terran Infantry Armor Level 1  
  12  4:54  Orbital Command  
  12  5:00  SCV  
  12  5:01  SCV  
  12  5:02  Barracks Tech Lab  
  12  5:03  Marine x2  
  12  5:05  Factory Tech Lab  
  12  5:10  Supply Depot  
  12  5:13  SCV  
  12  5:16  SCV, Armory  
  12  5:22  Combat Shield  
  12  5:25  SCV, Barracks Tech Lab  
  12  5:28  SCV  
  12  5:30  SCV  
  12  5:31  Refinery  
  12  5:34  Orbital Command  
  12  5:37  SCV  
  12  5:38  Barracks Reactor  
  12  5:40  SCV  
  12  5:47  Refinery, Marine x2  
  12  5:49  Medivac  
  12  5:51  Marine x2  
  12  5:56  Supply Depot  
  12  6:01  Supply Depot  
  12  6:02  SCV  
  12  6:03  SCV  
  12  6:11  Barracks  
  12  6:12  Concussive Shells, Barracks x2  
  12  6:13  Marine x4  
  12  6:14  SCV  
  12  6:16  SCV  
  12  6:20  Siege Tank  
  12  6:21  Viking  
  12  6:30  SCV  
  12  6:32  Refinery  
  12  6:37  Marine x5  
  12  6:42  Refinery, SCV, Supply Depot  
  12  6:48  Marine x2  
  12  6:52  Starport  
  12  6:53  Terran Infantry Weapons Level 2  
  12  6:54  Marine  
  12  6:55  Command Center  
  12  6:58  Terran Infantry Armor Level 2  
  12  7:02  Barracks Tech Lab  
  12  7:05  Marine x5  
  12  7:13  Marauder x2, Marine  
  12  7:19  Marine  
  12  7:23  Barracks Reactor  
  12  7:29  Marine, Supply Depot  
  12  7:30  Marine x3  
  12  7:34  Marine, Barracks Reactor  
  12  7:36  Marine x3  
  12  7:43  Supply Depot  
  12  7:44  Siege Tank  
  12  7:47  SCV  
  12  7:48  SCV  
  12  7:51  Marauder  
  12  7:53  Marauder, Starport Reactor  
  12  7:55  Marauder x2  
  12  7:59  SCV  
  12  8:00  SCV  
  12  8:04  Terran Vehicle And Ship Armor Level 1  
  12  8:06  Marine  
  12  8:07  Marine  
  12  8:12  Marauder  
  12  8:14  Marauder, Marine, Supply Depot  
  12  8:16  Marauder  
  12  8:17  Orbital Command  
  12  8:23  Viking  
  12  8:26  Viking  
  12  8:27  Marine  
  12  8:31  Siege Tank  
  12  8:36  Marauder x2  
  12  8:40  SCV x2  
  12  8:44  SCV x2  
  12  8:49  Supply Depot  
  12  8:52  SCV  
  12  8:53  Medivac, Viking  
  12  8:56  Marine x3  
  12  9:02  Supply Depot  
  12  9:10  SCV, Marine x2, Siege Tank  
  12  9:11  SCV x2  
  12  9:13  Supply Depot  
  12  9:21  SCV  
  12  9:22  Marauder x2, Marine x2  
  12  9:23  Marine  
  12  9:27  SCV  
  12  9:28  SCV x2, Supply Depot  
  12  9:38  Marauder, Marine x2  
  12  9:46  Supply Depot  
Tags
 
Add a new tag
Caveats
  • Supply blocks, unpowered buildings, or Contaminate may cause inaccurate times.
  • Supply counts are checked every 10 seconds.